 Dungeon Crawl Stone Soup version 0.22-a0-136-g83a10e5 (webtiles) character file.

9153 varam the Thrower (level 11, 0/111 HPs)
             Began as a Troll Monk on Feb 2, 2018.
             Was a High Priest of Okawaru.
             Slain by a hippogriff (2 damage)
             ... on level 1 of the Lair of Beasts.
             The game lasted 00:29:19 (8785 turns).

varam the Thrower (Troll Monk)                      Turns: 8785, Time: 00:29:20

Health: 0/111      AC:  7    Str: 23    XL:     11   Next: 19%
Magic:  10/10      EV:  1    Int:  8    God:    Okawaru [*****.]
Gold:   752        SH:  0    Dex: 17    Spells: 7/10 levels left

rFire    + . .     SeeInvis +     - Unarmed
rCold    + + .     Gourm    +   (no shield)
rNeg     + + +     Faith    +   F - +2 robe {rC+}
rPois    ∞         Spirit   .   P - +0 hat of the Thirteen Ships {Str+2}
rElec    .         Reflect  .   z - scarf {rC+ rF+}
rCorr    .         Harm     .   (gloves unavailable)
MR       .....                  (boots unavailable)
Stlth    ++........             j - amulet of faith
HPRegen  0.68/turn              c - ring of see invisible
MPRegen  0.12/turn              T - +4 ring of dexterity

@: petrified
A: large, unfitting armour, claws 3, fast metabolism 3, gourmand, regeneration
1, shaggy fur 1, tough skin 2
a: Heroism, Finesse, Renounce Religion


You were on level 1 of the Lair of Beasts.
You worshipped Okawaru.
Okawaru was extremely pleased with you.
You were very hungry.

You visited 3 branches of the dungeon, and saw 14 of its levels.
You also visited: Sewer.

You collected 752 gold pieces.

Inventory:

Missiles
 a - 3 javelins of returning
 p - 5 large rocks
 D - 19 tomahawks
 E - 3 needles of confusion
 W - a throwing net (quivered)
Armour
 y - a scarf of cloud immunity
 z - a scarf of resistance (worn)
 F - a +2 robe of cold resistance (worn)
 P - the +0 hat of the Thirteen Ships (worn) {Str+2}
   (Okawaru gifted it to you on level 10 of the Dungeon)

   It affects your strength (+2).
Jewellery
 c - a ring of see invisible (left claw)
 j - an amulet of faith (around neck)
 O - an uncursed ring of ice
 R - an uncursed ring of protection from fire
 T - a +4 ring of dexterity (right claw)
 X - an uncursed ring of wizardry
Scrolls
 h - 4 scrolls of remove curse
 i - 2 scrolls of teleportation
 k - a scroll of brand weapon {unknown}
 B - a scroll of fog {unknown}
 J - 3 scrolls of fear
 M - a scroll of magic mapping {unknown}
 S - 2 scrolls of enchant armour
 V - a scroll of summoning {unknown}
Potions
 d - a potion of magic {unknown}
 e - 3 potions of flight
 f - 5 potions of curing
 g - 3 potions of heal wounds
 l - 2 potions of haste
 n - a potion of lignification {unknown}
 o - 3 potions of resistance
 u - a potion of might {unknown}
 A - a potion of brilliance {unknown}
 G - a potion of cancellation
 Q - a potion of agility {unknown}
Comestibles
 b - 20 rations


   Skills:
 + Level 8.1 Fighting
 + Level 8.3 Throwing
 + Level 8.1 Dodging
 - Level 1.0 Stealth
 + Level 8.3 Unarmed Combat
 + Level 0.0 Spellcasting
 + Level 0.0 Charms
 + Level 0.1 Necromancy


You had 7 spell levels left.
You knew the following spells:

 Your Spells              Type           Power        Failure   Level  Hunger
d - Regeneration          Chrm/Necr      #.........   77%         3    ####...


Dungeon Overview and Level Annotations

Branches:
Dungeon (11/15)            Temple (0/1) D:4            Lair (1/6) D:10
    Orc (2/2) D:10
    Elf: Orc:2

Altars:
Dithmenos
Fedhas
Makhleb
Okawaru
Ru
Sif Muna
Trog
Uskayaw
Vehumet
Xom

Shops:
D:6 (

Portals:
Trove: D:10 (give +2 ice dragon scales)


Innate Abilities, Weirdness & Mutations

You are too large for most types of armour.
You have claws for hands.
Your metabolism is lightning-fast.
You like to eat raw meat.
Your natural rate of healing is unusually fast.
You are covered in fur. (AC +1)
You have very tough skin. (AC +2)


Message History

* * * LOW HITPOINT WARNING * * *
The hippogriff pecks you.
* * * LOW HITPOINT WARNING * * *
The hippogriff claws you.
* * * LOW HITPOINT WARNING * * *
The hippogriff bites you!
* * * LOW HITPOINT WARNING * * *
The hippogriff pecks you.
* * * LOW HITPOINT WARNING * * *
The hippogriff claws you.
* * * LOW HITPOINT WARNING * * *
The bullfrog hits you but does no damage.
The bullfrog barely misses you.
The hippogriff bites you but does no damage.
The hippogriff pecks you.
* * * LOW HITPOINT WARNING * * *
The hippogriff barely misses you. The hippogriff bites you.
* * * LOW HITPOINT WARNING * * *
The hippogriff pecks you.
You die...

............# ###.P##
............. #....#
..............# ##...##
...............# #...##
.............†.# #...##
..............## ##....##
...............###......#
..........H.#..H#...#####
...........###lF@..##
...........# #.H..##
#..........# ##...#
.##.....##.# #..##
#.#...#### #... #
##.....# .....
##.............
#.............
....###.....


You could see 2 hippogriffs, a basilisk and a bullfrog.

Vanquished Creatures
  A two-headed ogre (D:8)
  The ghost of Xenophilius the Archer, a novice CeHu of Okawaru (D:7)
  The ghost of p0werm0de the Martial Artist, a novice DsCK of Cheibriados (D:9)
  An unseen horror (D:10)
  Joseph (D:8)
  A centaur skeleton (D:10)
  2 hippogriffs
  2 wyverns
  Grum (D:8)
  A yak (D:10)
  A hungry ghost (D:10)
  The ghost of Kavrick the Skirmisher, an amateur DsFi (D:3)
  2 water moccasins
  Duvessa (D:6)
  9 orc warriors
  2 ice beasts
  4 phantoms
  3 sky beasts (D:8)
  A black bear (D:10)
  Purgy (Sewer)
  2 wolves (D:8)
  2 ogres
  A centaur (D:10)
  A bullfrog (D:7)
  Dowan (D:6)
  5 scorpions
  4 killer bees (D:8)
  9 wights
  2 howler monkeys (D:9)
  A vampire bat (Orc:1)
  4 crimson imps
  3 centaur zombies
  3 jellies
  4 orc priests
  6 hounds
  13 orc wizards
  2 iguanas
  3 worker ants (D:4)
  A hound skeleton (D:5)
  A worker ant zombie (D:10)
  13 gnolls
  A howler monkey skeleton (D:5)
  10 adders
  3 shadow imps
  An ooze (D:1)
  2 adder skeletons
  2 worms
  2 dart slugs (D:3)
  6 leopard geckos
  34 orcs
  A ball python (D:2)
  4 giant cockroaches
  A goblin (D:3)
  12 hobgoblins
  4 jackals (D:6)
  9 kobolds
  7 quokkas
  14 bats
  5 frilled lizards
  A leopard gecko zombie (D:5)
  4 rats
241 creatures vanquished.

Vanquished Creatures (others)
  A wizard (D:3)
  A bat (D:2)
2 creatures vanquished.

Grand Total: 243 creatures vanquished

Notes
Turn   | Place    | Note
-------+----------+-------------------------------------------
     0 | D:1      | varam the Troll Monk began the quest for the Orb.
     0 | D:1      | Reached XP level 1. HP: 22/22 MP: 0/0
   154 | D:1      | Reached XP level 2. HP: 29/29 MP: 1/1
   381 | D:1      | Reached skill level 4 in Unarmed Combat
   381 | D:1      | Reached XP level 3. HP: 36/36 MP: 2/2
   665 | D:2      | Found a shimmering altar of Xom.
   665 | D:2      | Found a burning altar of Makhleb.
   665 | D:2      | Found an iron altar of Okawaru.
   665 | D:2      | Found a blossoming altar of Fedhas.
   827 | D:2      | Became a worshipper of Warmaster Okawaru
   827 | D:2      | Reached * piety under Okawaru
   827 | D:2      | Reached ** piety under Okawaru
   828 | D:2      | Found a radiant altar of Vehumet.
  1057 | D:2      | Found a bloodstained altar of Trog.
  1126 | D:3      | Reached skill level 5 in Unarmed Combat
  1126 | D:3      | Reached XP level 4. HP: 39/44 MP: 3/3
  1289 | D:3      | Noticed Kavrick's ghost (amateur DsFi)
  1297 | D:3      | Killed Kavrick's ghost
  1297 | D:3      | Reached skill level 6 in Unarmed Combat
  1297 | D:3      | Reached XP level 5. HP: 28/50 MP: 1/4
  1570 | D:3      | Reached XP level 6. HP: 59/59 MP: 2/5
  1579 | D:3      | Reached skill level 7 in Unarmed Combat
  1626 | D:3      | Found a bloodstained altar of Trog.
  1724 | D:3      | Noticed a wizard
  1730 | D:3      | Killed a wizard
  1970 | D:4      | Found a staircase to the Ecumenical Temple.
  2059 | D:4      | Reached *** piety under Okawaru
  2059 | D:4      | Reached skill level 8 in Unarmed Combat
  2059 | D:4      | Reached XP level 7. HP: 66/66 MP: 3/6
  2280 | D:4      | Found a glowing drain.
  2290 | Sewer    | Entered a sewer
  2390 | Sewer    | Noticed Purgy
  2396 | Sewer    | Killed Purgy
  2396 | Sewer    | Reached skill level 1 in Throwing
  2685 | D:5      | Entered Level 5 of the Dungeon
  2799 | D:5      | Reached skill level 3 in Fighting
  2799 | D:5      | Reached skill level 3 in Dodging
  2867 | D:5      | Reached skill level 2 in Throwing
  2986 | D:5      | Reached **** piety under Okawaru
  3050 | D:5      | Found a deep blue altar of Sif Muna.
  3224 | D:5      | Reached XP level 8. HP: 54/78 MP: 7/7
  3318 | D:5      | Reached skill level 3 in Throwing
  3860 | D:6      | Found Toffam's Antique Weapon Shop.
  3880 | D:6      | Reached skill level 4 in Fighting
  3880 | D:6      | Reached skill level 4 in Dodging
  4046 | D:6      | Noticed Dowan
  4046 | D:6      | Noticed Duvessa
  4052 | D:6      | Killed Duvessa
  4055 | D:6      | Reached skill level 4 in Throwing
  4057 | D:6      | Killed Dowan
  4057 | D:6      | Received a gift from Okawaru
  4518 | D:7      | Noticed Xenophilius's ghost (novice CeHu)
  4533 | D:7      | Killed Xenophilius's ghost
  4533 | D:7      | Reached ***** piety under Okawaru
  4533 | D:7      | Reached skill level 5 in Fighting
  4533 | D:7      | Reached skill level 5 in Throwing
  4533 | D:7      | Reached skill level 5 in Dodging
  4533 | D:7      | Reached XP level 9. HP: 62/88 MP: 5/8
  4631 | D:7      | Received a gift from Okawaru
  4715 | D:7      | Found a shadowy altar of Dithmenos.
  5011 | D:7      | Reached skill level 6 in Fighting
  5155 | D:7      | Reached skill level 6 in Dodging
  5315 | D:8      | Noticed Grum
  5319 | D:8      | Reached skill level 6 in Throwing
  5326 | D:8      | Killed Grum
  5385 | D:8      | Reached XP level 10. HP: 85/100 MP: 9/9
  5388 | D:8      | Noticed a hand axe
  5390 | D:8      | Noticed a dagger
  5390 | D:8      | Found a hide-covered altar of Uskayaw.
  5560 | D:8      | Noticed a two-headed ogre
  5574 | D:8      | Killed a two-headed ogre
  5639 | D:8      | Noticed Joseph
  5649 | D:8      | Killed Joseph
  5649 | D:8      | Reached skill level 7 in Fighting
  5649 | D:8      | Reached skill level 7 in Throwing
  5699 | D:8      | Reached skill level 7 in Dodging
  6347 | D:9      | Noticed p0werm0de's ghost (novice DsCK)
  6358 | D:9      | Killed p0werm0de's ghost
  6358 | D:9      | Received a gift from Okawaru
  6535 | D:9      | Received a gift from Okawaru
  6876 | D:9      | Found a sacrificial altar of Ru.
  6924 | D:9      | Learned a level 3 spell: Regeneration
  7244 | D:10     | Entered Level 10 of the Dungeon
  7268 | D:10     | Reached skill level 8 in Throwing
  7358 | D:10     | Noticed an unseen horror
  7372 | D:10     | Killed an unseen horror
  7372 | D:10     | Received a gift from Okawaru
  7372 | D:10     | Reached XP level 11. HP: 82/111 MP: 10/10
  7373 | D:10     | Got a faintly glowing hat {god gift}
  7379 | D:10     | Identified the +0 hat of the Thirteen Ships {Str+2} (Okawaru gifted it to you on level 10 of the Dungeon)
  7428 | D:10     | Reached skill level 8 in Fighting
  7564 | D:10     | Found a staircase to the Lair.
  7617 | D:10     | Found a staircase to the Orcish Mines.
  7626 | Orc:1    | Entered Level 1 of the Orcish Mines
  7695 | Orc:1    | Reached skill level 8 in Dodging
  7931 | Orc:2    | Entered Level 2 of the Orcish Mines
  7931 | Orc:2    | Noticed an orc knight
  8405 | D:10     | Found a portal to a secret trove of treasure.
  8686 | Lair:1   | Entered Level 1 of the Lair of Beasts
  8784 | Lair:1   | HP: 9/111 [hippogriff (3)]
  8785 | Lair:1   | HP: 4/111 [hippogriff (2)]
  8785 | Lair:1   | Slain by a hippogriff

Vault maps used:
D:1:      sevenhm_arrival_forest_fort_large_2
D:2:      fiery_altar_vehumet, chequers_temple_overflow_statue_of_worship,
          trog_hazing_becter
D:3:      nicolae_overflow_hidden_temple, first_ration, trog_wizard
D:4:      minmay_temple_entry_water_ring, cheibrodos_sewer_entry_bend
D:5:      old_standard_altar
D:6:      serial_shops, shop, uniq_duvessa
D:7:      grunt_dithmenos_smoke_and_mirrors, grunt_ministairs_3
D:8:      dancing_weapons_uskayaw, uniq_joseph, uniq_grum
D:9:      nicolae_ru_sacrificial_ziggurat
D:10:     lair_entry_dummy, orc_0_dummy, enter_trove_3
D:11:     lemuel_bear_cage, serial_shops, shop, basic_altar
Lair:1:   statuecave_lemuel, lemuel_fruit_tree, uniq_prince_ribbit2
Orc:1:    roderic_batcave
Orc:2:    st_orc_rangers
Sewer:    kennysheep_door_sewer

Skill      XL: |  1  2  3  4  5  6  7  8  9 10 11 |
---------------+----------------------------------+-----
Unarmed Combat | 4 5 6 8 |  8.3
Throwing       | 2 5 6 8 |  8.3
Fighting       | 3 5 6 7 8 |  8.1
Dodging        | 3 5 6 7 8 |  8.1
Stealth        | |  1.0
Necromancy     | |  0.1

Action                   |  1- 3 |  4- 6 |  7- 9 | 10-12 || total
-------------------------+-------+-------+-------+-------++-------
Melee: Unarmed           |    86 |    94 |   266 |   264 ||   710
       Punch             |     1 |     2 |     5 |    14 ||    22
Throw: Tomahawk          |       |       |    17 |    13 ||    30
       Throwing net      |       |       |     2 |     5 ||     7
       Javelin           |       |       |       |    12 ||    12
Invok: Heroism           |     1 |     4 |     7 |     6 ||    18
  Use: Scroll            |       |     2 |     9 |     6 ||    17
 Stab: Sleeping          |     1 |     1 |     4 |     3 ||     9
       Distracted        |       |       |     1 |       ||     1
       Held in net/web   |       |       |     1 |       ||     1
  Eat: Chunk             |    16 |     8 |    31 |    23 ||    78
       Ration            |       |       |       |     1 ||     1
Armor: Robe              |    37 |    17 |    45 |    80 ||   179
Dodge: Dodged            |    53 |    46 |   133 |   232 ||   464

Table legend:
 A = Spawn XP
 B = Non-spawn XP
 C = Spawn XP percentage of total XP
 D = Spawn monster count
 E = Non-spawn monster count
 F = Spawn count percentage of total count
 G = Total turns spent on level
                    A         B        C        D         E        F      G
               +---------+---------+-------+---------+---------+-------+---------
         Total |       0 |   13077 |   0.0 |       0 |     241 |   0.0 |  8785
               +---------+---------+-------+---------+---------+-------+---------
           D:1 |       0 |      41 |   0.0 |       0 |      13 |   0.0 |   536
           D:2 |       0 |      42 |   0.0 |       0 |      18 |   0.0 |   576
           D:3 |       0 |     418 |   0.0 |       0 |      26 |   0.0 |   762
           D:4 |       0 |     380 |   0.0 |       0 |      16 |   0.0 |   735
           D:5 |       0 |     672 |   0.0 |       0 |      24 |   0.0 |   842
           D:6 |       0 |    1057 |   0.0 |       0 |      22 |   0.0 |   922
           D:7 |       0 |    1897 |   0.0 |       0 |      21 |   0.0 |   802
           D:8 |       0 |    3572 |   0.0 |       0 |      41 |   0.0 |  1147
           D:9 |       0 |    1782 |   0.0 |       0 |      16 |   0.0 |   783
          D:10 |       0 |    2595 |   0.0 |       0 |      22 |   0.0 |  1141
          D:11 |       0 |       3 |   0.0 |       0 |       1 |   0.0 |     9
        Lair:1 |       0 |     142 |   0.0 |       0 |       1 |   0.0 |    99
         Orc:1 |       0 |     344 |   0.0 |       0 |      14 |   0.0 |   290
         Sewer |       0 |     132 |   0.0 |       0 |       6 |   0.0 |   139
               +---------+---------+-------+---------+---------+-------+---------
